 Dungeon Crawl Stone Soup version 0.30-a0-341-g682706514a (webtiles) character file.

Game seed: 9950411259128740065

2 koil the Ruffian (level 1, 0/16 HPs)
             Began as a Draconian Transmuter on Nov 4, 2022.
             Slain by a jackal (3 damage)
             ... on level 1 of the Dungeon.
             The game lasted 00:00:13 (25 turns).

koil the Ruffian (Draconian Transmuter)               Turns: 25, Time: 00:00:14

Health: 0/16       AC:  4    Str: 12    XL:     1   Next: 33%
Magic:  3/3        EV: 12    Int: 13    God:
Gold:   0          SH:  0    Dex: 11    Spells: 3/4 levels left

rFire   . . .      SeeInvis .      - Unarmed
rCold   . . .      Faith    .    (no shield)
rNeg    . . .      Spirit   .    (body armour unavailable)
rPois   .          Reflect  .    (helmet restricted)
rElec   .          Harm     .    (no cloak)
rCorr   .          Rampage  .    (no gloves)
Will    .....                    (no boots)
Stlth   +.........               (no amulet)
HPRegen 0.22/turn                (no ring)
MPRegen 0.08/turn                (no ring)

@: no status effects
A: AC +4, unfitting armour, cold-blooded
a: no special abilities


You were on level 1 of the Dungeon.
You visited 1 branch of the dungeon, and saw 1 of its levels.

Inventory:

Potions
 a - a potion of lignification


   Skills:
 + Level 1.2 Fighting
 + Level 1.8 Dodging
 + Level 3.0 Unarmed Combat
 + Level 2.0 Spellcasting
 + Level 2.0 Transmutations


You had 3 spell levels left.
You knew the following spells:

 Your Spells              Type           Power      Damage    Failure   Level
a - Beastly Appendage     Tmut           12%        N/A       11%         1

Your spell library contained the following spells:

 Spells                   Type           Power      Damage    Failure   Level
 Wereblood                Tmut           6%         N/A       17%         2
 Spider Form              Tmut/Pois      4%         N/A       45%         3
 Ice Form                 Ice/Tmut       4%         N/A       86%         4


Dungeon Overview and Level Annotations

Branches:
Dungeon (1/15)

Altars:


Innate Abilities, Weirdness & Mutations

Your plain brown scales are hard. (AC +4)
You cannot fit into any form of body armour.
You are cold-blooded and may be slowed by cold attacks.


Message History

You kill the jackal!
The jackal bites you. The jackal barely misses you. The jackal bites you.
The goblin hits you with a +0 dagger.
You swing at nothing.
The jackal bites you.
The jackal bites you but does no damage. x2
The goblin completely misses you. The jackal closely misses you.
The jackal bites you.
* * * LOW HITPOINT WARNING * * *
You closely miss the jackal.
The jackal is heavily wounded.
The jackal barely misses you. The jackal closely misses you.
The goblin hits you but does no damage. The jackal closely misses you.
The jackal barely misses you.
You closely miss the jackal.
Your tail-slap misses the jackal.
The jackal is heavily wounded.
The jackal misses you. The jackal completely misses you.
The jackal barely misses you. The goblin hits you but does no damage.
You barely miss the jackal. You tail-slap the jackal.
You kill the jackal!
The jackal barely misses you. The jackal closely misses you.
The goblin barely misses you.
You swing at nothing.
The jackal bites you but does no damage.
The jackal closely misses you. The goblin hits you with a +0 dagger.
* * * LOW HITPOINT WARNING * * *
You swing at nothing.
The jackal barely misses you. The jackal misses you.
The jackal barely misses you.
The jackal bites you but does no damage.
You hit the jackal but do no damage. The goblin hits you but does no damage.
The jackal completely misses you.
The jackal bites you but does no damage.
You hit the jackal.
The jackal is moderately wounded.
The jackal bites you.
* * * LOW HITPOINT WARNING * * *
The goblin hits you but does no damage. The jackal misses you.
You hit the jackal.
You kill the jackal!
The jackal bites you.
You die...

......... #.......#
#.......# .
##.......## .
..###.........###..
...................
.........h........$
........@†...$.....
........†g.........
w..................
...................
...................
..###.........###..
. ##.......## .
#.......# #.......#


You could see a jackal and a goblin.

Vanquished Creatures
  3 jackals (D:1)
3 creatures vanquished.

Notes
Turn   | Place    | Note
-------+----------+-------------------------------------------
     0 | D:1      | koil the Draconian Transmuter began the quest for the Orb.
     0 | D:1      | Reached XP level 1. HP: 16/16 MP: 3/3
    25 | D:1      | Slain by a jackal

Illustrated notes

Levels and vault maps discovered:
D:1:      minmay_arrival_four_circles, layout_loops_corners

Action                   || total
-------------------------++-------
Melee: Unarmed           ||    15
       Kick              ||     1
       Headbutt          ||     1
       Tailslap          ||     1
 Cast: Beastly Appendage ||     1
Armor: Skin              ||    18
Dodge: Dodged            ||    44

Table legend: (Time is in decaauts)
 A = Elapsed time spent in this place.
 B = Non-inter-level travel time spent in this place.
 C = Inter-level travel time spent in this place.
 D = Time resting spent in this place.
 E = Time spent auto-exploring this place.
 F = Levels seen in this place.
 G = Mean time per level.
                   A        B        C        D        E       F      G
               +--------+--------+--------+--------+--------+-----+--------+
         Total |     23 |     23 |      0 |      0 |      1 |   1 |   23.0 |
       Dungeon |     23 |     23 |      0 |      0 |      1 |   1 |   23.0 |
               +--------+--------+--------+--------+--------+-----+--------+

Top non-repeatable levels by time:
     D:1: 23 daAuts
